 Dungeon Crawl Stone Soup version 0.26-a0-612-gd4d190f45e (webtiles) character file.

Game seed: 8520737092889863631

1689 DogServant the Thaumaturge (level 8, -4/41 HPs)
             Began as a Deep Elf Hedge Wizard on Sept 10, 2020.
             Was a Follower of Vehumet.
             Slain by a black bear (6 damage)
             ... on level 6 of the Dungeon.
             The game lasted 00:44:10 (11228 turns).

DogServant the Thaumaturge (Deep Elf Hedge Wizard) Turns: 11228, Time: 00:44:10

Health: -4/41      AC:  6    Str:  7    XL:     8   Next: 72%
Magic:  13/22      EV: 13    Int: 22    God:    Vehumet [*.....]
Gold:   128        SH:  0    Dex: 14    Spells: 10/23 levels left

rFire    + . .     SeeInvis .   n - +2 dagger (venom)
rCold    + . .     Faith    .   (no shield)
rNeg     . . .     Spirit   .   q - +1 robe {rC+ rF+}
rPois    .         Reflect  .   c - +0 hat
rElec    .         Harm     .   (no cloak)
rCorr    .                      m - +0 pair of gloves
MR       .....                  p - +1 pair of boots
Stlth    ++........             (no amulet)
HPRegen  0.13/turn              (no ring)
MPRegen  0.18/turn              (no ring)

@: no status effects
A: no striking features
a: Renounce Religion


You were on level 6 of the Dungeon.
You worshipped Vehumet.
Vehumet was aware of your devotion.
You visited 2 branches of the dungeon, and saw 7 of its levels.

You collected 284 gold pieces.
You spent 156 gold pieces at shops.

Inventory:

Hand Weapons
 a - a +0 dagger
 d - a +1 short sword of speed
 k - a +0 arbalest
 n - a +2 dagger of venom (weapon)
 x - a +2 shortbow of freezing
Armour
 b - a +0 robe
 c - a +0 hat (worn)
 m - a +0 pair of gloves (worn)
 p - a +1 pair of boots (worn)
 q - a +1 robe of resistance (worn)
Jewellery
 j - an uncursed amulet of the acrobat
 l - an uncursed ring of resist corrosion
Wands
 e - a wand of paralysis (7)
 r - a wand of acid (6)
Scrolls
 h - a scroll of fear {unknown}
 t - a scroll of magic mapping
 v - a scroll of blinking {unknown}
 y - a scroll of immolation {unknown}
Potions
 f - a potion of brilliance
 g - 6 potions of curing
 i - a potion of lignification
 o - 3 potions of flight
 s - a potion of degeneration {unknown}
 u - 2 potions of might
 w - 2 potions of mutation {unknown}


   Skills:
 - Level 2.4 Dodging
 - Level 2.4 Stealth
 + Level 8.1 Spellcasting
 + Level 6.0 Conjurations
 + Level 5.7 Hexes
 - Level 1.5 Summonings
 + Level 3.5 Translocations
 - Level 3.2 Fire Magic
 * Level 3.5 Air Magic
 + Level 2.9 Poison Magic


You had 10 spell levels left.
You knew the following spells:

 Your Spells              Type           Power        Failure   Level
a - Magic Dart            Conj           ####         1%          1
b - Blink                 Tloc           N/A          2%          2
c - Call Imp              Summ           ###.....     6%          2
d - Conjure Flame         Conj/Fire      ####....     3%          3
e - Mephitic Cloud        Conj/Pois/Air  ####....     4%          3
s - Slow                  Hex            ####....     1%          2

Your spell library contained the following spells:

 Spells                   Type           Power        Failure   Level
 Shock                    Conj/Air       ####         1%          1


Dungeon Overview and Level Annotations

Branches:
Dungeon (6/15)             Temple (1/1) D:4

Altars:
Ashenzari
Cheibriados
Elyvilon
Fedhas
Gozag
Hepliaklqana
Kikubaaqudgha
Makhleb
Okawaru
Ru
Sif Muna
Uskayaw
Vehumet
Wu Jian
Yredelemnul
Zin
The Shining One

Shops:
D:5 (


Message History

The black bear is almost dead.
The black bear bites you!
* * * LOW HITPOINT WARNING * * *
The black bear claws you.
* * * LOW HITPOINT WARNING * * *
The black bear claws you but does no damage.
Casting: Magic Dart (safe; 1% risk of failure)
Confirm with . or Enter, or press ? or * to list all spells.
Aiming: Magic Dart (safe; 1% risk of failure)
Press: ? - help, Shift-Dir - straight line, f/p - black bear
Aim: a black bear (almost dead, berserk)
The magic dart hits the black bear but does no damage.
The black bear is almost dead.
The black bear misses you. The black bear claws you.
* * * LOW HITPOINT WARNING * * *
The black bear misses you. The black bear closely misses you.
The black bear claws you.
* * * LOW HITPOINT WARNING * * *
The black bear claws you.
You die...

#.##.###.##.#.#.#
#.#
#.............#.#
#.#
#.###.##...#.###.#
#.# #.#...........
#.# #.............
#.###.#.....####..
#..........## ###
#h###.###..... ##
#@# #.# ####......
#.# #.# ..#### #.#
#.# .# #.# #.# #.#
#.# # #.# .# # #.#
#.#


You could see a black bear (berserk).

Vanquished Creatures
  Sigmund (D:4)
  An orc warrior (D:6)
  2 phantoms
  A sky beast (D:5)
  A centaur (D:6)
  An ogre (D:5)
  A bullfrog (D:6)
  A scorpion (D:6)
  A howler monkey (D:4)
  6 electric eels (D:6)
  3 hounds
  Ijyb (D:3)
  A jelly (D:6)
  2 orc wizards
  Jessica (D:2)
  2 iguanas
  2 worker ants (D:5)
  A killer bee zombie (D:5)
  A hound zombie (D:6)
  4 adders
  A shadow imp (D:5)
  2 ufetubi (D:6)
  2 oozes
  4 adder skeletons
  A worm (D:2)
  2 dart slugs
  5 leopard geckos
  10 orcs
  9 giant cockroaches
  13 goblins
  4 hobgoblins
  7 jackals
  2 quokkas
  A ball python (D:2)
  7 bats
  6 frilled lizards
  7 kobolds
  2 leopard gecko skeletons
  A quokka skeleton (D:5)
  11 rats
131 creatures vanquished.

Vanquished Creatures (collateral kills)
  Grinder (D:3)
  An adder (D:4)
  An adder skeleton (D:4)
3 creatures vanquished.

Vanquished Creatures (others)
  4 plants (D:6)
4 creatures vanquished.

Grand Total: 138 creatures vanquished

Notes
Turn   | Place    | Note
-------+----------+-------------------------------------------
     0 | D:1      | DogServant the Deep Elf Hedge Wizard began the quest for
                  | the Orb.
     0 | D:1      | Reached XP level 1. HP: 10/10 MP: 7/7
   291 | D:1      | Reached XP level 2. HP: 15/15 MP: 6/9
   387 | D:1      | Reached skill level 5 in Spellcasting
   639 | D:1      | Reached XP level 3. HP: 9/19 MP: 6/11
   977 | D:1      | Learned a level 2 spell: Blink
  1009 | D:1      | Learned a level 2 spell: Call Imp
  1012 | D:1      | Learned a level 2 spell: Slow
  1671 | D:2      | Found a shimmering blue altar of Sif Muna.
  2092 | D:2      | Noticed Jessica
  2100 | D:2      | Killed Jessica
  2100 | D:2      | Reached XP level 4. HP: 24/24 MP: 6/13
  2243 | D:2      | Reached skill level 1 in Hexes
  2959 | D:3      | Learned a level 3 spell: Conjure Flame
  2963 | D:3      | Learned a level 3 spell: Mephitic Cloud
  3375 | D:3      | Noticed Ijyb
  3379 | D:3      | Paralysed by Ijyb for 7 turns
  3405 | D:3      | Killed Ijyb
  3405 | D:3      | Reached XP level 5. HP: 12/28 MP: 0/15
  3948 | D:4      | Reached skill level 1 in Fire Magic
  4112 | D:3      | Noticed Grinder
  4117 | D:3      | Paralysed by Grinder for 3 turns
  4313 | D:4      | Found a staircase to the Ecumenical Temple.
  4320 | Temple   | Entered the Ecumenical Temple
  4467 | Temple   | Became a worshipper of Vehumet
  4500 | D:4      | Reached skill level 6 in Spellcasting
  4787 | D:4      | Noticed Sigmund
  5210 | D:3      | Killed Grinder
  5210 | D:3      | Reached XP level 6. HP: 30/32 MP: 2/17
  6001 | D:4      | Killed Sigmund
  6001 | D:4      | Reached XP level 7. HP: 22/36 MP: 8/19
  6463 | D:4      | Reached skill level 7 in Spellcasting
  6479 | D:4      | Reached skill level 5 in Conjurations
  6682 | D:5      | Entered Level 5 of the Dungeon
  6917 | D:5      | Found Heukaoph's Antique Weapon Emporium.
  6920 | D:5      | Bought a runed shortbow for 156 gold pieces
  6945 | D:5      | Reached skill level 1 in Air Magic
  6945 | D:5      | Reached skill level 1 in Poison Magic
  7387 | D:5      | Reached * piety under Vehumet
  7387 | D:5      | Offered knowledge of Shock by Vehumet.
  7390 | D:5      | Learned a level 1 spell: Shock
  7409 | D:5      | Reached XP level 8. HP: 41/41 MP: 14/21
  8212 | D:6      | Reached skill level 5 in Hexes
  9542 | D:6      | Reached skill level 8 in Spellcasting
 11228 | D:6      | HP: 2/41 [black bear (2)]
 11228 | D:6      | Slain by a black bear

Illustrated notes

Levels and vault maps discovered:
D:1:      roderic_dead_forest, layout_basic
D:2:      layout_basic, lemuel_blue_sif_altar, minmay_tiny_reverse_x,
          uniq_jessica
D:3:      layout_basic, uniq_grinder, uniq_ijyb
D:4:      cheibrodos_helix_gallery, layout_layer_cave,
          minmay_temple_entry_arrows, minmay_quantized, uniq_sigmund
D:5:      layout_basic, serial_shops, nicolae_shop_behind_doors
D:6:      cheibrodos_two_vegetables, layout_loops_ring, roderic_lattice_a,
          okawaru_gym_becter
Temple:   eino_temple_rhombus

Skill      XL: |  1  2  3  4  5  6  7  8 |
---------------+-------------------------+-----
Spellcasting   | 5 6 7 8 |  8.1
Conjurations   | 2 3 4 5 6 |  6.0
Hexes          | 1 2 3 4 5 |  5.7
Fire Magic     | 2 3 |  3.2
Translocations | 2 3 |  3.5
Air Magic      | 1 3 |  3.5
Poison Magic   | 1 2 |  2.9
Dodging        | |  2.4
Stealth        | |  2.4
Summonings     | |  1.5

Action                   |  1- 3 |  4- 6 |  7- 9 || total
-------------------------+-------+-------+-------++-------
Melee: Dagger            |    18 |    14 |    15 ||    47
       Short sword       |       |     7 |       ||     7
 Cast: Magic Dart        |   104 |   144 |   228 ||   476
       Slow              |     3 |     5 |    22 ||    30
       Call Imp          |       |    12 |     6 ||    18
       Conjure Flame     |       |     7 |     1 ||     8
       Blink             |       |     1 |     1 ||     2
       Shock             |       |       |     3 ||     3
Evoke: Wand              |       |     3 |       ||     3
  Use: Scroll            |       |    14 |     2 ||    16
       Potion            |       |     3 |       ||     3
 Stab: Sleeping          |     1 |       |       ||     1
       Paralysed         |       |     2 |       ||     2
Armor: Robe              |     9 |     7 |    24 ||    40
       Skin              |       |     9 |       ||     9
Dodge: Dodged            |    24 |    35 |    58 ||   117

Table legend: (Time is in decaauts)
 A = Elapsed time spent in this place.
 B = Non-inter-level travel time spent in this place.
 C = Inter-level travel time spent in this place.
 D = Time resting spent in this place.
 E = Time spent auto-exploring this place.
 F = Levels seen in this place.
 G = Mean time per level.
                   A        B        C        D        E       F      G
               +--------+--------+--------+--------+--------+-----+--------+
         Total |  11255 |  11038 |    217 |   3096 |   6305 |   7 | 1607.9 |
       Dungeon |  11098 |  10891 |    207 |   3096 |   6177 |   6 | 1849.7 |
        Temple |    157 |    147 |     10 |      0 |    128 |   1 |  157.0 |
               +--------+--------+--------+--------+--------+-----+--------+

Top non-repeatable levels by time:
     D:6: 3115 daAuts
     D:4: 2158 daAuts
     D:3: 1793 daAuts
     D:5: 1456 daAuts
     D:1: 1440 daAuts
     D:2: 1133 daAuts
  Temple: 157 daAuts
